 Dungeon Crawl Stone Soup version 0.18-a0-1312-gf98331d (webtiles) character file.

680460 Faustar the Archmage (level 27, -4/147 (153) HPs)
             Began as a Deep Elf Conjurer on Feb 12, 2016.
             Was the Champion of Vehumet.
             Engulfed by a cloud of flame (8 damage)
             ... on level 5 of the Depths on Feb 14, 2016.
             The game lasted 10:36:24 (104896 turns).

Faustar the Archmage (Deep Elf Conjurer)          Turns: 104896, Time: 10:36:25

HP:   -4/147 (153)  AC: 14    Str:  5    XL:     27
MP:   27/56         EV: 24    Int: 37    God:    Vehumet [******]
Gold: 803           SH:  0    Dex: 25    Spells: 15 memorised, 9 levels left

rFire  + . .     SeeInvis +     O - +9 Staff of Wucad Mu {channel}
rCold  + + +     Gourm    +     q - +2 robe {rC+ rF+}
rNeg   + + +     Faith    .     (no shield)
rPois  ∞         Spirit   .     P - +1 helmet {SInv}
rElec  .         Dismiss  .     j - -2 cloak (curse)
rCorr  .         Reflect  .     (no gloves)
SustAt .         Harm     .     Z - +2 pair of boots {Fly}
MR     +++..                    T - amulet of the gourmand
Stlth  +++.......               A - ring of protection from cold
                                n - ring of the Jolly Songs {Int+3 Dex+10 Slay-4 SInv}

@: lich-form, flying, delayed fireball, extremely resistant to hostile
enchantments, fairly stealthy
A: no striking features
a: End Transformation, Renounce Religion, Release Delayed Fireball, Stop Flying
}: 3/15 runes: serpentine, barnacled, silver


You were on level 5 of the Depths.
You worshipped Vehumet.
Vehumet was exalted by your worship.
You were not hungry.
You were a lich.
You visited 12 branches of the dungeon, and saw 55 of its levels.

You collected 6442 gold pieces.
You spent 5639 gold pieces at shops.

Inventory:

Hand Weapons
 O - the +9 Staff of Wucad Mu (weapon) {channel}
   (You bought it in a shop on level 4 of the Snake Pit)
Armour
 d - the +2 cloak of the Depths {rCorr}
   (You found it on level 1 of the Vaults)

   It protects you from acid and corrosion.
 e - a +2 robe of magic resistance
 j - a cursed -2 cloak (worn)
 q - a +2 robe of resistance (worn)
 M - the +0 pair of boots "Xousche" {rN+ MR+ Int-2 SInv}
   (You bought it in a shop on level 1 of the Shoals)

   It affects your intelligence (-2).
   It protects you from negative energy.
   It affects your resistance to hostile enchantments.
   It lets you see invisible.
 P - a +1 helmet of see invisible (worn)
 Z - a +2 pair of boots of flying (worn)
Jewellery
 a - an uncursed ring of protection from fire
 b - an uncursed ring of protection from magic
 l - an uncursed ring of fire
 n - the ring of the Jolly Songs (left hand) {Int+3 Dex+10 Slay-4 SInv}
   (You bought it in a shop on level 1 of the Orcish Mines)

   [ring of see invisible]

   It affects your intelligence (+3).
   It affects your dexterity (+10).
   It affects your accuracy and damage with ranged weapons and melee attacks
   (-4).
   It lets you see invisible.
 A - a ring of protection from cold (right hand)
 K - an uncursed ring of protection from magic
 T - an amulet of the gourmand (around neck)
Wands
 t - a wand of digging (11/24)
 y - a wand of teleportation (0/9)
 B - a wand of digging (7/24)
 Q - a wand of digging (4/24)
 R - a wand of teleportation (3/9)
 W - a wand of hasting (3/9)
Scrolls
 m - 25 scrolls of identify
 o - 16 scrolls of remove curse
 s - 3 scrolls of blinking
 v - 8 scrolls of amnesia
 w - 8 scrolls of summoning
 E - 6 scrolls of magic mapping
 G - 4 scrolls of enchant armour
 H - 5 scrolls of fog
 J - 4 scrolls of recharging
 L - a scroll of enchant weapon
 S - 18 scrolls of teleportation
 V - 6 scrolls of fear
Potions
 g - 10 potions of brilliance
 h - a potion of heal wounds
 i - 3 potions of resistance
 p - 4 potions of agility
 u - 3 potions of cancellation
 z - 9 potions of curing
 D - 2 potions of invisibility
 I - a potion of might
 N - 3 potions of haste
 Y - 9 potions of flight
Comestibles
 c - 34 bread rations
 f - 32 meat rations
 k - 37 fruits
 r - 8 royal jellies
 x - 14 beef jerkies


   Skills:
 - Level 10.6 Fighting
 - Level 11.0 Dodging
 - Level 2.4 Stealth
 O Level 27 Spellcasting
 - Level 23.3 Conjurations
 - Level 12.7 Hexes
 - Level 9.1 Charms
 - Level 17.6 Necromancy
 - Level 15.1 Transmutations
 + Level 25.5 Fire Magic
 - Level 6.0 Air Magic
 - Level 3.1 Earth Magic
 - Level 15.6 Evocations


You had 9 spell levels left.
You knew the following spells:

 Your Spells              Type           Power        Failure   Level  Hunger
a - Magic Dart            Conj           ####         0%          1    N/A
b - Searing Ray           Conj           ######       0%          2    N/A
c - Iskenderun's Battles  Conj/Chrm      ########     0%          5    N/A
d - Fulminant Prism       Conj/Hex       ########..   0%          4    N/A
e - Conjure Flame         Conj/Fire      ########     0%          3    N/A
f - Tukima's Dance        Hex            #######.     0%          3    N/A
g - Fireball              Conj/Fire      ########..   0%          5    N/A
h - Iron Shot             Conj/Erth      #######...   1%          6    N/A
i - Invisibility          Hex            #######.     1%          6    N/A
j - Delayed Fireball      Conj/Fire      N/A          1%          7    N/A
k - Confuse               Hex            #######.     0%          3    N/A
l - Fire Storm            Conj/Fire      ########..   1%          9    N/A
m - Lehudib's Crystal Sp  Conj/Erth      #######...   4%          8    N/A
n - Necromutation         Trmt/Necr      ########..   3%          8    N/A
o - Deflect Missiles      Chrm/Air       #######...   2%          6    N/A

Dungeon Overview and Level Annotations

Branches:
Dungeon (15/15)            Temple (1/1) D:4            Lair (8/8) D:11
 Shoals (4/4) Lair:3        Snake (4/4) Lair:4        Slime (1/6) Lair:8
    Orc (2/2) D:12            Elf (2/3) Orc:2        Vaults (5/5) D:13
  Crypt (0/3) Vaults:3     Depths (5/5) D:15           Hell (1/1)
    Dis (0/7) Hell            Geh (0/7) Hell            Coc (7/7) Hell
    Tar (0/7) Hell
    Zot: Depths:5

Altars:
Ashenzari
Cheibriados
Dithmenos
Elyvilon
Fedhas
Gozag
Kikubaaqudgha
Makhleb
Nemelex Xobeh
Okawaru
Pakellas
Qazlal
Ru
Sif Muna
Trog
Vehumet
Xom
Yredelemnul
Zin
The Shining One

Shops:
D:5 !   D:8 (   Orc:1 =   Orc:2 }(*   Shoals:1 [   Shoals:2 =   Snake:4 }(?*!
Vaults:1 !   Vaults:3 ?!=   Vaults:5 =   Depths:4 %

Portals:
Hell: Depths:1 Depths:2 Depths:3 Depths:4
Abyss: Depths:1 Depths:2 Depths:4
Pandemonium: Orc:2 Depths:2 Depths:3 Depths:5
Ziggurat: Depths:5

Annotations:
Depths:4 exclusion: ice statue
Coc:7 Serpent of Hell


Message History

A raging storm of fire appears!
The great blast of fire engulfs the hell knight.
The hell knight partially resists.
The hell knight is heavily wounded.
The great blast of fire engulfs the spark wasp.
The spark wasp is almost dead.
The great blast of fire engulfs the necromancer.
You kill the necromancer!
Vehumet accepts your kill.
You feel your power returning. The great blast of fire engulfs you!
You partially resist.
* * * LOW HITPOINT WARNING * * *
The great blast of fire engulfs the hell knight.
The hell knight partially resists.
The hell knight is severely wounded.
The great blast of fire engulfs the hell knight.
The hell knight partially resists.
The hell knight is severely wounded.
You are engulfed in roaring flames.
You resist.
You die...

#.#.#..##**** *,* *,,,..
#.#.#.....G.# *,*****###
#.#.#.#####.# *,,,,,,,,,
#.#.#.#****,* *,,,,,,,,,
#.#....,,,,,* *,,,,,,,,,
#.###.############.,,,,,,,,
#.# #.....#v§......,,,,,,,,
#.###....<#v###v§†,,,,,,,,,
#.........Ly§§p§pp.,,,,,,,,
#..##.###.#v###§p..,,,,,,,,
#..##.#....§v......,,,,,,,,
#..##.#.#.#§###..,,,,,,,,,,
#.....#.#.#.# *,,,,,,,,,,,,
##.##.#,#.#.# *,,,,,,,,,,,,
#.#..#,#.#.# *,,,,,,,,,,,,
#.####,#.#.# *,,,,,,,,,,,,
*,,,,,,#.#,* ******,******


You could see a spark wasp, 4 hell knights and 5 friendly fire vortices.

Vanquished Creatures
  2 juggernauts (Depths:4)
  Sojobo (Depths:2)
  An iron giant (Depths:4)
  11 shard shrikes
  Norris (Depths:2)
  Saint Roka (Orc:2)
  Geryon (Hell)
  3 caustic shrikes (Depths:4)
  4 golden dragons
  2 bone dragons
  5 tentacled monstrosities
  3 liches
  Rupert (Lair:5)
  25 Ice Fiends
  A Shadow Fiend (Depths:3)
  2 eldritch tentacles
  2 titans
  2 quicksilver dragons
  Polyphemus (Shoals:3)
  2 sphinxes
  A kraken (Shoals:2)
  2 ancient champions (Hell)
  14 tengu reavers
  7 shadow dragons
  2 storm dragons (Vaults:5)
  Donald (Shoals:4)
  8 greater nagas
  14 fire giants
  4 iron dragons
  Ilsuiw (Shoals:4)
  7 frost giants
  2 orc warlords
  A balrug (Depths:2)
  Maud (Depths:3)
  Louise (Depths:1)
  15 vault wardens
  A cacodemon (Hell)
  2 deep elf sorcerers
  A deep elf elementalist (Orc:2)
  16 reapers
  21 stone giants
  A draconian annihilator (Depths:5)
  5 war gargoyles
  13 ironheart preservers
  10 very ugly things
  A juggernaut skeleton (Depths:1)
  4 vampire knights
  6 salamander stormcallers
  A red draconian (Depths:5)
  4 deep elf demonologists
  2 yellow draconians (Depths:5)
  4 deep elf annihilators
  12 spark wasps
  4 deep elf death magi
  6 merfolk javelineers (Shoals:4)
  An eidolon (Depths:3)
  11 blizzard demons
  4 jiangshi
  2 crystal guardians (Vaults:3)
  14 ettins
  35 vault guards
  22 yaktaur captains
  A quicksilver dragon zombie (Depths:2)
  10 merfolk impalers
  9 great orbs of eyes
  2 deep elf high priests
  7 fire dragons
  4 kraken zombies
  4 rakshasas
  29 ice dragons
  7 hydras
  21 naga warriors
  2 hell beasts
  6 entropy weavers
  4 alligator snapping turtles
  An anaconda (shapeshifter) (Depths:5)
  14 anacondas
  4 quicksilver dragon skeletons
  2 spriggan air magi
  2 catoblepae
  11 centaur warriors
  3 merfolk avatars
  2 satyrs
  14 ogre magi
  7 merfolk aquamancers
  2 death yaks (Shoals:3)
  8 deep troll shamans
  3 vampire magi
  8 tengu warriors
  Urug (D:10)
  2 titan zombies
  8 dancing weapons
  13 hell knights
  4 death knights
  9 deep troll earth magi
  7 orc high priests (Orc:2)
  2 spriggan berserkers
  A hell hog (Hell)
  16 deep elf knights
  A hell hog (shapeshifter) (Elf:1)
  Nergalle (D:10)
  6 soul eaters
  12 shock serpents
  2 iron trolls (Depths:3)
  13 naga sharpshooters
  7 sun demons
  2 titan skeletons
  2 spriggans (Depths:5)
  6 fire crabs
  2 storm dragon zombies
  6 salamander mystics
  6 shadow wraiths
  2 death drakes (Depths:3)
  2 ghost moth zombies
  2 golden dragon zombies
  A spectral anaconda (Depths:3)
  6 flayed ghosts
  15 sea snakes
  3 orange crystal statues
  54 skeletal warriors
  32 deep trolls
  16 anaconda zombies
  5 giant orange brains
  An infernal demonspawn (Orc:2)
  5 unseen horrors
  4 phantasmal warriors
  4 shadow dragon zombies
  19 deep elf archers
  An anubis guard (shapeshifter) (Vaults:2)
  7 anaconda skeletons
  14 mana vipers
  10 naga ritualists
  2 spectral hydras (Depths:3)
  A putrid demonspawn (Orc:2)
  39 deep elf magi
  A wolf spider zombie (D:13)
  17 ironbrand convokers
  10 hill giants
  23 harpies
  13 orc sorcerers
  An orb spider (shapeshifter) (Vaults:2)
  4 fire giant zombies
  4 golden dragon skeletons
  4 iron dragon zombies
  18 orc knights
  A sphinx skeleton (Vaults:3)
  4 wizards
  A mana viper (shapeshifter) (Vaults:1)
  17 necromancers
  11 griffons
  21 fauns
  4 frost giant zombies
  13 manticores
  19 salamanders
  A salamander (shapeshifter) (Vaults:4)
  35 ugly things
  11 cyclopes
  A sixfirhy (Orc:2)
  4 shadow dragon skeletons
  2 hornets
  32 elephants
  6 wolf spiders
  An octopode (shapeshifter) (Vaults:4)
  5 stone giant zombies
  An iron dragon skeleton (Coc:2)
  Maurice (D:9)
  6 guardian serpents
  5 rust devils
  17 vault sentinels
  2 fire giant skeletons
  2 water nymphs
  14 sirens
  A moth of wrath (shapeshifter) (Vaults:5)
  3 stone giant skeletons
  A guardian serpent (shapeshifter) (Vaults:5)
  The ghost of Gottschkopf the Thaumaturge, a novice DECj of Vehumet (D:6)
  3 gargoyles
  2 spiny frogs (shapeshifter)
  4 frost giant skeletons
  4 smoke demons
  5 centaur skeletons
  29 naga magi
  Joseph (D:10)
  A human skeleton (Vaults:3)
  2 orange demons
  14 spiny frogs
  A hellion (Depths:1)
  3 ice statues
  49 black mambas
  2 dire elephant skeletons
  A kobold demonologist (Vaults:1)
  4 anaconda simulacra
  87 yaktaurs
  2 yaktaurs (shapeshifter)
  An efreet (D:14)
  9 fire drakes
  25 freezing wraiths
  2 emperor scorpion zombies
  11 komodo dragons
  2 human zombies (Vaults:2)
  A yaktaur skeleton (Depths:1)
  2 spectral merfolk (Depths:3)
  A fire drake (shapeshifter) (Depths:4)
  A hellwing (Depths:2)
  5 red devils
  13 tormentors
  4 tengu conjurers
  A queen bee (D:14)
  9 hydra zombies
  28 ice devils
  A two-headed ogre (shapeshifter) (Vaults:2)
  13 trolls
  A harpy zombie (Coc:4)
  A harpy skeleton (Coc:2)
  30 merfolk
  19 two-headed ogres
  3 jumping spiders
  A wolf spider simulacrum (Coc:3)
  A shadow dragon simulacrum (Vaults:3)
  25 slime creatures
  3 fire dragon zombies
  4 wind drakes
  6 boulder beetles
  10 hydra skeletons
  5 ice dragon zombies
  A blink frog (shapeshifter) (Vaults:1)
  5 snapping turtles
  2 frost giant simulacra
  23 blink frogs
  A bog body (Coc:7)
  A fire giant simulacrum (Vaults:2)
  4 raiju (Depths:3)
  A stone giant simulacrum (Coc:4)
  3 ettin zombies
  2 alligator skeletons
  9 alligator zombies
  3 ice dragon skeletons
  3 spriggan skeletons
  11 shadows
  A fire dragon skeleton (Coc:5)
  52 yaks
  A spriggan (shapeshifter) (Vaults:3)
  A deep troll skeleton (Depths:1)
  17 wraiths
  5 vampires
  43 flying skulls
  11 fire elementals
  A dire elephant simulacrum (Coc:1)
  3 ettin skeletons
  A tarantella (shapeshifter) (Vaults:2)
  7 wyverns
  7 air elementals
  19 redbacks
  40 water elementals
  A tarantella (Depths:5)
  A basilisk (shapeshifter) (Depths:2)
  2 humans (shapeshifter)
  2 large abominations (Elf:1)
  6 wolves
  10 basilisks
  17 vampire mosquitoes
  19 hippogriffs
  A chaos spawn (Depths:2)
  4 steam dragons
  8 hungry ghosts
  A swamp worm (shapeshifter) (Depths:4)
  3 mottled dragons
  76 nagas
  10 hell hounds
  3 soldier ants
  Edmund (D:4)
  A hydra simulacrum (Hell)
  11 spiny frog zombies
  A soldier ant (shapeshifter) (Vaults:2)
  7 wargs
  19 water moccasins
  A water moccasin (shapeshifter) (Vaults:2)
  A hell hound (shapeshifter) (Vaults:1)
  17 ice beasts
  2 swamp drakes (Lair:8)
  2 spectral spriggans (Depths:3)
  6 porcupines
  2 manticore zombies
  61 orc warriors
  A sky beast (shapeshifter) (Depths:5)
  A black bear (Lair:1)
  4 phantoms
  A swamp dragon zombie (Coc:2)
  2 spiny frog skeletons
  An ice dragon simulacrum (Coc:3)
  5 necrophages
  10 sky beasts
  5 snapping turtle zombies
  12 wasps
  An ettin simulacrum (Vaults:3)
  An eye of draining (shapeshifter) (Depths:1)
  61 ogres
  An eye of draining (D:13)
  26 boggarts
  3 snapping turtle skeletons
  2 swamp dragon skeletons
  An ogre (shapeshifter) (Vaults:3)
  24 crocodiles
  38 centaurs
  4 big kobolds
  The ghost of Banto the Ruffian, an amateur VSSk (D:3)
  An earth elemental (Elf:1)
  2 elf zombies (Elf:1)
  27 giant frogs
  A glowing shapeshifter simulacrum (Depths:2)
  2 spiny frog simulacra
  A gnoll sergeant (D:10)
  An elf skeleton (Coc:4)
  7 scorpions
  2 spectral ogres (Depths:3)
  17 killer bees
  An elf simulacrum (Vaults:3)
  2 spectral nagas (Depths:3)
  58 wights
  10 crimson imps
  4 spectral centaurs (Depths:3)
  A giant frog zombie (D:5)
  12 hounds
  3 human simulacra
  4 jellies
  4 centaur zombies
  4 quasits
  4 gnoll shamans (D:5)
  47 orc priests
  2 iron imps (Hell)
  32 orc wizards
  2 giant frog skeletons
  12 iguanas
  Natasha (thrice) (D:3)
  16 worker ants
  9 hell rats
  A spriggan simulacrum (Depths:3)
  33 sheep
  A hound zombie (D:9)
  A naga skeleton (Coc:6)
  5 hound skeletons
  5 mummies
  A worker ant zombie (D:10)
  Robin (D:2)
  21 adders
  38 gnolls
  31 river rats
  2 shadow imps
  27 white imps
  A giant eyeball (Depths:3)
  An adder zombie (D:6)
  3 worms
  9 giant geckos
  135 orcs
  9 giant cockroaches
  16 goblins
  12 hobgoblins
  26 jackals
  5 quokkas
  4 ball pythons
  6 bats
  A giant gecko zombie (D:7)
  8 giant newts
  A jackal zombie (D:5)
  16 kobolds
  19 rats
  A spectral orc (D:5)
  2 bushes
  A fire vortex (Depths:1)
  23 fungi
  A lost soul (Depths:3)
  29 plants
  10 tentacles
3282 creatures vanquished.

Vanquished Creatures (collateral kills)
  An Ice Fiend (Coc:4)
  Murray (Depths:1)
  A storm dragon (Vaults:5)
  An azure jelly (shapeshifter) (Depths:5)
  A tengu reaver (Depths:2)
  A vault warden (Vaults:4)
  A frost giant (Depths:2)
  A ghoul (Vaults:1)
  An ironheart preserver (Vaults:5)
  A stone giant (Depths:5)
  2 spark wasps
  A purple draconian (Depths:5)
  2 vault guards
  A quicksilver dragon skeleton (Coc:1)
  An ogre mage (Vaults:4)
  2 ice dragons
  2 death knights
  A vampire mage (Depths:3)
  A deep troll earth mage (Depths:3)
  A soul eater (Depths:1)
  An iron troll (Depths:3)
  A skeletal warrior (Coc:5)
  An anaconda skeleton (Coc:1)
  A harpy (Vaults:1)
  An orc knight (Vaults:5)
  A frost giant zombie (Vaults:2)
  A salamander (Snake:4)
  An ugly thing (D:13)
  A spriggan zombie (Depths:1)
  A demonic crawler (Hell)
  An ice devil (Depths:4)
  2 two-headed ogres
  A bog body (Coc:7)
  A hydra skeleton (Coc:5)
  A flying skull (Coc:2)
  A shadow (Depths:3)
  A redback (Depths:3)
  A wolf (Depths:3)
  A hell hound (Depths:1)
  A porcupine (shapeshifter) (Depths:4)
  2 ice beasts
  A phantom (D:13)
  2 boggarts
  5 ogres
  A big kobold (D:14)
  A giant frog (D:14)
  A spiny frog simulacrum (Coc:1)
  6 killer bees
  2 wights
  A spectral centaur (Depths:3)
  An orc priest (D:13)
  2 orc wizards
  A shadow imp (D:14)
  A white imp (Coc:3)
  7 orcs
  4 kobolds (D:14)
  A plant (Depths:3)
84 creatures vanquished.

Vanquished Creatures (others)
  A golden dragon (Vaults:5)
  2 eldritch tentacles (Coc:4)
  2 ironheart preservers (Vaults:2)
  An elemental wellspring (Coc:2)
  A deep elf annihilator (Vaults:3)
  A deep troll shaman (Vaults:2)
  A dancing weapon (Orc:2)
  An ogre mage (Vaults:2)
  A deep troll earth mage (Vaults:2)
  2 deep trolls (Vaults:2)
  2 orc knights
  A faun (Shoals:1)
  A griffon (Vaults:2)
  A centaur skeleton (D:14)
  A tengu simulacrum (Vaults:2)
  A two-headed ogre (Vaults:2)
  2 orc warriors (Vaults:2)
  5 ogres
  A wyvern skeleton (D:14)
  2 orcs
  209 eldritch tentacle segments
  689 fire vortices
  240 fulminant prisms
  41 fungi
  48 plants
  31 tentacles
  367 tentacle segments
1655 creatures vanquished.

Grand Total: 5021 creatures vanquished

Notes
Turn   | Place    | Note
--------------------------------------------------------------
     0 | D:1      | Faustar the Deep Elf Conjurer began the quest for the Orb.
     0 | D:1      | Reached XP level 1. HP: 10/10 MP: 6/6
   237 | D:1      | Reached XP level 2. HP: 6/15 MP: 0/9
  1065 | D:2      | Noticed Robin
  1173 | D:2      | Reached XP level 3. HP: 19/19 MP: 7/11
  1196 | D:2      | Reached skill level 5 in Spellcasting
  1256 | D:2      | Learned a level 2 spell: Searing Ray
  1627 | D:2      | Reached XP level 4. HP: 18/24 MP: 9/13
  1863 | D:2      | Reached skill level 6 in Spellcasting
  1975 | D:2      | Killed Robin
  2363 | D:3      | Noticed Banto's ghost (amateur VSSk)
  2371 | D:3      | Killed Banto's ghost
  2371 | D:3      | Reached skill level 7 in Spellcasting
  2371 | D:3      | Reached XP level 5. HP: 28/28 MP: 9/17
  2450 | D:3      | Noticed Natasha
  2456 | D:3      | Killed Natasha
  2719 | D:3      | Reached skill level 8 in Spellcasting
  2765 | D:3      | Noticed Natasha
  2769 | D:3      | Killed Natasha
  2838 | D:3      | Reached XP level 6. HP: 19/32 MP: 14/19
  2887 | D:3      | Noticed Natasha
  2895 | D:3      | Killed Natasha
  3254 | D:4      | Reached skill level 9 in Spellcasting
  3656 | D:4      | Reached skill level 10 in Spellcasting
  3663 | D:4      | Reached XP level 7. HP: 34/36 MP: 8/22
  3724 | D:4      | Found a staircase to the Ecumenical Temple.
  3737 | Temple   | Entered the Ecumenical Temple
  3825 | Temple   | Became a worshipper of Vehumet
  4131 | D:4      | Noticed Edmund
  4146 | D:4      | Killed Edmund
  4802 | D:5      | Entered Level 5 of the Dungeon
  4827 | D:5      | Reached skill level 11 in Spellcasting
  4834 | D:5      | Learned a level 5 spell: Iskenderun's Battlesphere
  4839 | D:5      | Learned a level 4 spell: Fulminant Prism
  4915 | D:5      | Found Gofusur's Distillery.
  4924 | D:5      | Bought a potion of curing for 42 gold pieces
  4946 | D:5      | Reached skill level 5 in Conjurations
  5182 | D:5      | Reached XP level 8. HP: 35/41 MP: 20/25
  5272 | D:5      | Reached * piety under Vehumet
  5272 | D:5      | Offered knowledge of Sandblast by Vehumet.
  5560 | D:5      | Reached skill level 1 in Hexes
  5619 | D:5      | Found an oddly glowing altar of Pakellas.
  5775 | D:5      | Found a shattered altar of Ashenzari.
  5812 | D:5      | Offered knowledge of Freeze by Vehumet.
  5812 | D:5      | Reached skill level 5 in Hexes
  5911 | D:5      | Reached ** piety under Vehumet
  6040 | D:5      | Reached skill level 5 in Charms
  6117 | D:5      | Offered knowledge of Conjure Flame by Vehumet.
  6123 | D:5      | Learned a level 3 spell: Conjure Flame
  6680 | D:5      | Found an opulent altar of Gozag.
  6683 | D:5      | Found a sparkling altar of Nemelex Xobeh.
  6690 | D:5      | Found a basalt altar of Yredelemnul.
  6783 | D:5      | Found a blossoming altar of Fedhas.
  6805 | D:6      | Reached *** piety under Vehumet
  6805 | D:6      | Reached XP level 9. HP: 45/45 MP: 22/26
  6913 | D:6      | Noticed Gottschkopf's ghost (novice DECj)
  7179 | D:6      | Learned a level 3 spell: Inner Flame
  7186 | D:6      | Learned a level 5 spell: Fireball
  7239 | D:6      | Killed Gottschkopf's ghost
  7371 | D:6      | Reached skill level 1 in Fire Magic
  7787 | D:6      | Offered knowledge of Throw Icicle by Vehumet.
  7838 | D:6      | Reached skill level 5 in Fire Magic
  8328 | D:7      | Reached XP level 10. HP: 50/50 MP: 27/27
  8535 | D:7      | Reached **** piety under Vehumet
  8807 | D:7      | Offered knowledge of Irradiate by Vehumet.
  9538 | D:8      | Found a bloodstained altar of Trog.
  9538 | D:8      | Found a shadowy altar of Dithmenos.
  9542 | D:8      | Found an iron altar of Okawaru.
  9654 | D:8      | Reached skill level 12 in Spellcasting
  9670 | D:8      | Found Veuhiet's Weapon Boutique.
 10105 | D:9      | Noticed a centaur warrior
 10129 | D:9      | Killed a centaur warrior
 10129 | D:9      | Reached skill level 13 in Spellcasting
 10355 | D:9      | Reached skill level 14 in Spellcasting
 10710 | D:9      | Reached XP level 11. HP: 20/53 MP: 27/31
 11023 | D:9      | Noticed Maurice
 11030 | D:9      | Killed Maurice
 11264 | D:9      | Reached skill level 10 in Fire Magic
 11301 | D:10     | Entered Level 10 of the Dungeon
 11430 | D:10     | Noticed Joseph
 11433 | D:10     | Noticed Nergalle
 11435 | D:10     | Killed Joseph
 11438 | D:10     | Killed Nergalle
 11438 | D:10     | Reached skill level 10 in Conjurations
 11688 | D:10     | Noticed a hill giant
 11692 | D:10     | Killed a hill giant
 11781 | D:10     | Noticed Urug
 11791 | D:10     | Killed Urug
 11894 | D:10     | Reached ***** piety under Vehumet
 11894 | D:10     | Offered knowledge of Freezing Cloud by Vehumet.
 11947 | D:10     | Noticed a hill giant
 11948 | D:10     | Noticed an orc knight
 12251 | D:10     | Noticed a four-headed hydra
 12255 | D:10     | Killed a four-headed hydra
 13206 | D:11     | Noticed an eight-headed hydra
 13210 | D:11     | Killed an eight-headed hydra
 13210 | D:11     | Reached XP level 12. HP: 49/58 MP: 8/32
 13492 | D:11     | Found a staircase to the Lair.
 13683 | D:11     | Offered knowledge of Orb of Destruction by Vehumet.
 13996 | D:10     | Reached skill level 1 in Fighting
 14397 | D:10     | Gained mutation: Your skin changes colour to match your surroundings (Stealth). [potion of beneficial mutation]
 14414 | Lair:1   | Entered Level 1 of the Lair of Beasts
 15671 | Lair:2   | Reached skill level 5 in Fighting
 16289 | Lair:3   | Found a staircase to the Shoals.
 16470 | Lair:3   | Reached skill level 5 in Dodging
 16616 | Lair:3   | Learned a level 6 spell: Iron Shot
 17622 | Lair:4   | Reached XP level 13. HP: 74/74 MP: 16/33
 17785 | Lair:4   | Found a staircase to the Snake Pit.
 18667 | Lair:4   | Upgraded the game from 0.18-a0-1300-g6e8322c to 0.18-a0-1308-g45b86c9
 18945 | Lair:5   | Noticed Rupert
 18967 | Lair:5   | Killed Rupert
 18967 | Lair:5   | Reached skill level 15 in Spellcasting
 19336 | Lair:5   | Reached skill level 16 in Spellcasting
 19553 | Lair:5   | Offered knowledge of Conjure Ball Lightning by Vehumet.
 20510 | Lair:6   | Reached skill level 10 in Hexes
 21136 | Lair:6   | Learned a level 6 spell: Invisibility
 21728 | Lair:7   | Reached XP level 14. HP: 80/80 MP: 22/36
 22380 | Lair:8   | Entered Level 8 of the Lair of Beasts
 22478 | Lair:8   | Reached ****** piety under Vehumet
 22749 | Lair:8   | Offered knowledge of Delayed Fireball by Vehumet.
 22960 | Lair:8   | Reached skill level 1 in Earth Magic
 23506 | D:11     | Learned a level 7 spell: Delayed Fireball
 24938 | D:12     | Found a staircase to the Orcish Mines.
 25188 | D:12     | Reached skill level 17 in Spellcasting
 25501 | Orc:1    | Entered Level 1 of the Orcish Mines
 25572 | Orc:1    | Found Ujyr's Jewellery Emporium.
 25682 | Orc:1    | Offered knowledge of Poison Arrow by Vehumet.
 25841 | Orc:1    | Bought the ring of the Jolly Songs {Int+3 Dex+10 Slay-4 SInv} for 390 gold pieces
 25980 | Orc:2    | Entered Level 2 of the Orcish Mines
 25993 | Orc:2    | Noticed Saint Roka
 26131 | Orc:2    | Found a staircase to the Elven Halls.
 26709 | Lair:8   | Reached skill level 15 in Conjurations
 27384 | Lair:8   | Reached XP level 15. HP: 86/86 MP: 23/38
 27506 | Lair:8   | Offered knowledge of Ozocubu's Refrigeration by Vehumet.
 28440 | Lair:8   | Found a staircase to the Slime Pits.
 28661 | Slime:1  | Entered Level 1 of the Pits of Slime
 28661 | Slime:1  | Noticed an acid blob
 28661 | Slime:1  | Noticed an acid blob
 28810 | Shoals:1 | Entered Level 1 of the Shoals
 28988 | Shoals:1 | Reached skill level 10 in Dodging
 29528 | Shoals:1 | Found Eloef's Antique Armour Shop.
 29539 | Shoals:1 | Bought a pair of distressingly furry boots for 237 gold pieces
 29544 | Shoals:1 | Identified the cursed +0 pair of boots "Xousche" {rN+ MR+ Int-2 SInv} (You bought it in a shop on level 1 of the Shoals)
 30527 | Shoals:2 | Offered knowledge of Bolt of Cold by Vehumet.
 31013 | Shoals:2 | Found Runtoche's Jewellery Boutique.
 31355 | Shoals:2 | Gained mutation: You are frail (-10% HP). [mutagenic glow]
 31720 | Shoals:2 | Noticed a kraken
 31803 | Shoals:2 | Killed a kraken
 32116 | Shoals:3 | Noticed Polyphemus
 32341 | Shoals:3 | Reached XP level 16. HP: 83/83 MP: 37/39
 32566 | Shoals:2 | Reached skill level 15 in Fire Magic
 33105 | Shoals:4 | Entered Level 4 of the Shoals
 33873 | Shoals:4 | Noticed Ilsuiw
 35171 | Shoals:3 | Gained mutation: You are very frail (-20% HP). [mutagenic glow]
 35544 | D:5      | Bought a potion of heal wounds for 70 gold pieces
 35544 | D:5      | Bought a potion of cure mutation for 350 gold pieces
 35544 | D:5      | Bought 2 potions of curing for 84 gold pieces
 35544 | D:5      | Bought a potion of curing for 42 gold pieces
 35544 | D:5      | Bought a potion of magic for 112 gold pieces
 35544 | D:5      | Lost mutation: Your skin changes colour to match your surroundings (Stealth). [potion of cure mutation]
 35544 | D:5      | Lost mutation: You are very frail (-20% HP). [potion of cure mutation]
 35544 | D:5      | Lost mutation: You are frail (-10% HP). [potion of cure mutation]
 35946 | Shoals:4 | Offered knowledge of Lehudib's Crystal Spear by Vehumet.
 35946 | Shoals:4 | Offered knowledge of Fire Storm by Vehumet.
 35946 | Shoals:4 | Offered knowledge of Chain Lightning by Vehumet.
 36257 | Shoals:4 | Killed Ilsuiw
 36318 | Shoals:4 | Noticed Donald
 36322 | Shoals:4 | Killed Donald
 36322 | Shoals:4 | Reached skill level 10 in Fighting
 36875 | Shoals:4 | Reached XP level 17. HP: 103/103 MP: 23/40
 37134 | Shoals:4 | Got a barnacled rune of Zot
 38073 | Orc:1    | Learned a level 3 spell: Tukima's Dance
 38319 | Orc:2    | Killed Saint Roka
 39648 | Orc:2    | Found Nyreunoelu's General Store.
 39650 | Orc:2    | Found Humnaesu's General Store.
 40150 | Orc:2    | Bought a bread ration for 55 gold pieces
 40150 | Orc:2    | Bought a meat ration for 55 gold pieces
 40150 | Orc:2    | Bought a scroll of identify for 22 gold pieces
 41067 | Orc:2    | Reached skill level 18 in Conjurations
 41109 | Orc:1    | Learned a level 3 spell: Confuse
 41888 | Orc:2    | Found Xomozen's Gadget Boutique.
 41888 | Orc:2    | Found a one-way gate leading to the halls of Pandemonium.
 41888 | Orc:2    | Found Ataenad's Antique Weapon Shop.
 42156 | Elf:1    | Entered Level 1 of the Elven Halls
 42432 | Elf:1    | Found a shimmering altar of Xom.
 42742 | Elf:1    | Identified Ebyaq's Grimoire of Unholy Rituals
 43247 | Elf:1    | Reached skill level 19 in Conjurations
 44932 | Lair:1   | Learned a level 9 spell: Fire Storm
 45057 | Snake:1  | Entered Level 1 of the Snake Pit
 45400 | Snake:1  | Reached skill level 20 in Conjurations
 45400 | Snake:1  | Reached XP level 18. HP: 108/108 MP: 8/41
 45473 | Lair:4   | Gained mutation: You occasionally shout uncontrollably at your foes. [mutagenic glow]
 46007 | Snake:1  | Found a radiant altar of Vehumet.
 51138 | Snake:4  | Entered Level 4 of the Snake Pit
 51314 | Snake:4  | Found Ityott's Magic Scroll Emporium.
 51538 | Snake:4  | Bought a scroll of teleportation for 48 gold pieces
 51538 | Snake:4  | Bought a scroll of identify for 32 gold pieces
 51538 | Snake:4  | Bought a scroll of identify for 32 gold pieces
 51538 | Snake:4  | Bought a scroll of identify for 32 gold pieces
 51538 | Snake:4  | Bought a scroll of fear for 56 gold pieces
 51575 | Snake:4  | Found Busim's Gadget Shoppe.
 51579 | Snake:4  | Bought a wand of hasting (5/9) for 1080 gold pieces
 51677 | Snake:4  | Found Ynotaop's Weapon Shop.
 51786 | Snake:4  | Found Xoca's Assorted Antiques.
 52152 | Snake:4  | Reached XP level 19. HP: 108/113 MP: 31/42
 53610 | Snake:4  | Found Qoak's Distillery.
 54418 | Snake:4  | Got a serpentine rune of Zot
 56231 | D:13     | Found a gate to the Vaults.
 56722 | Vaults:1 | Entered Level 1 of the Vaults
 56875 | Vaults:1 | Got a distressingly furry cloak
 56886 | Vaults:1 | Identified the +2 cloak of the Depths {rCorr} (You found it on level 1 of the Vaults)
 57618 | Vaults:1 | Reached XP level 20. HP: 119/119 MP: 37/46
 58234 | Vaults:1 | Reached skill level 21 in Spellcasting
 58466 | Vaults:1 | Found Puides's Distillery.
 59694 | Vaults:2 | Reached skill level 22 in Spellcasting
 61987 | Vaults:2 | Gained mutation: Your system is resistant to poisons. [mutagenic glow]
 62998 | Vaults:3 | Found Gerhul's Magic Scroll Shop.
 63115 | Vaults:3 | Found Gaquqi Mish's Distillery.
 63199 | Vaults:3 | Found a staircase to the Crypt.
 63774 | Vaults:3 | Found Iwewkiul's Jewellery Shoppe.
 63783 | Vaults:3 | Reached XP level 21. HP: 123/123 MP: 35/49
 65786 | Vaults:4 | Reached skill level 23 in Conjurations
 66874 | Vaults:4 | Learned a level 8 spell: Lehudib's Crystal Spear
 66876 | Vaults:5 | Entered Level 5 of the Vaults
 67141 | Vaults:5 | Reached XP level 22. HP: 114/128 MP: 19/51
 67146 | Vaults:4 | Reached skill level 24 in Spellcasting
 67937 | Vaults:5 | Noticed a golden dragon
 68183 | Vaults:5 | Killed a golden dragon
 68183 | Vaults:5 | Reached skill level 25 in Spellcasting
 68369 | Vaults:5 | Noticed a golden dragon
 68376 | Vaults:5 | Killed a golden dragon
 68980 | Vaults:5 | Noticed a golden dragon
 68982 | Vaults:5 | Killed a golden dragon
 69179 | Vaults:5 | Reached skill level 26 in Spellcasting
 69320 | Vaults:5 | Got a brightly glowing plate armour
 69321 | Vaults:5 | Identified the +10 plate armour of Oxkoakk {rN+ MP+9 Str+2} (You took it off a deep elf high priest on level 5 of the Vaults)
 70621 | Vaults:5 | Learned a level 8 spell: Necromutation
 70838 | Vaults:5 | Got a silver rune of Zot
 70912 | Vaults:5 | Got a pair of encrusted boots
 70913 | Vaults:5 | Identified the +0 pair of boots "Laureyf" {rElec rF- Dex+2} (You found it on level 5 of the Vaults)
 71001 | Vaults:5 | Reached skill level 27 in Spellcasting
 71001 | Vaults:5 | Reached skill level 1 in Necromancy
 71080 | Vaults:5 | Found Henem's Jewellery Shoppe.
 71402 | Lair:1   | Gained mutation: You have an increased reservoir of magic (+10% MP). [potion of beneficial mutation]
 71403 | Lair:1   | Upgraded the game from 0.18-a0-1308-g45b86c9 to 0.18-a0-1312-gf98331d
 71543 | Shoals:2 | Bought an uncursed ring of fire for 350 gold pieces
 71543 | Shoals:2 | Bought an uncursed ring of protection from cold for 350 gold pieces
 71715 | Shoals:3 | Killed Polyphemus
 72102 | D:14     | Reached skill level 1 in Transmutations
 72102 | D:14     | Reached XP level 23. HP: 133/133 MP: 45/61
 72437 | D:14     | Reached skill level 5 in Necromancy
 72984 | D:15     | Entered Level 15 of the Dungeon
 73364 | D:15     | Found a staircase to the Depths.
 73523 | D:15     | Found a blossoming altar of Fedhas.
 73793 | Depths:1 | Entered Level 1 of the Depths
 74029 | Depths:1 | Reached skill level 5 in Transmutations
 74367 | Depths:1 | Gained mutation: Your spells are a little easier to cast, but a little less powerful. [mutagenic glow]
 74368 | Depths:1 | Lost mutation: Your spells are a little easier to cast, but a little less powerful. [potion of cure mutation]
 74368 | Depths:1 | Lost mutation: Your system is resistant to poisons. [potion of cure mutation]
 74368 | Depths:1 | Lost mutation: You occasionally shout uncontrollably at your foes. [potion of cure mutation]
 74368 | Depths:1 | Lost mutation: You have an increased reservoir of magic (+10% MP). [potion of cure mutation]
 74603 | Depths:1 | Found a gateway to Hell.
 74869 | Depths:1 | Noticed Louise
 74869 | Depths:1 | Killed Louise
 74954 | Depths:1 | Found a one-way gate to the infinite horrors of the Abyss.
 75132 | Hell     | Entered the Vestibule of Hell
 75132 | Hell     | Noticed Murray
 75132 | Hell     | Noticed Geryon
 75629 | Depths:2 | Noticed Norris
 75632 | Depths:2 | Killed Norris
 75802 | Depths:2 | Reached skill level 10 in Necromancy
 76364 | Depths:2 | Noticed Sojobo
 76372 | Depths:2 | Killed Sojobo
 77223 | Depths:2 | Reached skill level 10 in Transmutations
 77856 | Depths:2 | Reached XP level 24. HP: 97/139 MP: 1/56
 78657 | Depths:2 | Learned a level 6 spell: Deflect Missiles
 80209 | Depths:3 | Noticed Maud
 80210 | Depths:3 | Killed Maud
 81110 | Depths:3 | Paralysed by a giant eyeball for 2 turns
 81504 | Depths:3 | Reached skill level 15 in Necromancy
 81744 | Depths:3 | Got a pair of translucent gloves
 81745 | Depths:3 | Identified the cursed -3 pair of gloves "Juimm" {rF- Regen+ Str+2} (You found it on level 3 of the Depths)
 81871 | Depths:3 | Reached XP level 25. HP: 143/143 MP: 47/56
 82189 | Depths:4 | Noticed a juggernaut
 82191 | Depths:4 | Noticed a juggernaut
 82487 | Depths:4 | Found Ufirchy's Food Shop.
 82563 | Depths:4 | Killed a juggernaut
 82963 | Vaults:3 | Bought an uncursed ring of protection from fire for 500 gold pieces
 83605 | Hell     | Reached skill level 1 in Air Magic
 83845 | Hell     | Reached skill level 5 in Air Magic
 83855 | Hell     | Killed Geryon
 83855 | Hell     | Reached XP level 26. HP: 74/148 MP: 3/56
 85472 | Depths:1 | Killed Murray
 85880 | Hell     | Found a gateway to the decaying netherworld of Tartarus.
 85927 | Hell     | Found a gateway to the ashen valley of Gehenna.
 86025 | Hell     | Found a gateway to the Iron City of Dis.
 86073 | Hell     | Found a gateway to the freezing wastes of Cocytus.
 86552 | Coc:1    | Entered Level 1 of Cocytus
 87811 | Coc:1    | Reached skill level 15 in Transmutations
 92806 | Coc:4    | Reached skill level 5 in Evocations
 94013 | Coc:3    | Reached XP level 27. HP: 153/153 MP: 39/56
 95169 | Coc:3    | Reached skill level 10 in Evocations
 98121 | Snake:4  | Bought the +9 Staff of Wucad Mu {channel} for 1700 gold pieces
 99147 | Coc:6    | Reached skill level 15 in Evocations
101111 | Coc:7    | Entered Level 7 of Cocytus
101288 | Coc:7    | Noticed the Serpent of Hell
101728 | Depths:4 | Killed a juggernaut
102519 | Depths:5 | Entered Level 5 of the Depths
104765 | Depths:5 | Found a gateway to a ziggurat.
104896 | Depths:5 | HP: 4/147 [shot self (43)]
104896 | Depths:5 | Engulfed by a cloud of flame

Vault maps used:
D:1:      ncdulo_lavacross
D:2:      first_bread, uniq_robin
D:3:      uniq_natasha
D:4:      minmay_temple_entry_large_hall, uniq_edmund
D:5:      lemuel_castle_with_subvaults, nicolae_overflow_hidden_temple,
          yredelemnul_forgotten_temple_becter, serial_shops, shop,
          grunt_pakellas_mercury
D:7:      grunt_ogre_cave, solitary_fountain
D:8:      gammafunk_temple_overflow_claw, serial_shops, shop,
          minmay_misc_feat_ornament, kb_lookout_dungeons_type
D:9:      minivault_1, uniq_maurice
D:10:     onia_ninara_dug_in_and_dangerous, uniq_nergalle, uniq_urug,
          uniq_joseph
D:11:     due_lair_maze_entry_diamond, nrook_mini_vaults,
          kennysheep_generic_room_15
D:12:     orc_0_dummy, eino_small_chamber_without_monster
D:13:     lightli_vaults_fourway_checkpoint, kennysheep_generic_room_14
D:14:     minivault_7
D:15:     hangedman_depths_entry_civil_slaughter, fedhas_altar_fruit_tree
Temple:   circular_temple_12
Lair:1:   grunt_megastairs_1
Lair:2:   infiniplex_staircase_pool_2
Lair:3:   elwin_shoals_entry_rooms
Lair:4:   guppyfry_snake_entry_island
Lair:5:   uniq_rupert
Lair:6:   kennysheep_abandoned_house, lemuel_fruit_fields
Lair:7:   special_room
Lair:8:   guppyfry_lair_end_dragon, hangedman_lair_tendril_chambers,
          dpeg_slime_entry_corner, serial_bayou_shore_a
Shoals:1: serial_shops, shop
Shoals:2: serial_shops, nicolae_shop_waterfront
Shoals:3: uniq_polyphemus
Shoals:4: shoals_end_simple, shoals_ilsuiw_ice, serial_shops, shop, uniq_donald
Snake:1:  basic_altar, serial_bayou_shore_b
Snake:2:  basic_loot_grate_trap, nicolae_large_snake_swirl
Snake:4:  minmay_snake_end_coiled, serial_shops, nicolae_shop_behind_doors,
          nicolae_shop_window_shopping, nicolae_shop_stone,
          nicolae_shop_behind_doors, nicolae_shop_trees
Slime:1:  cheibrodos_slime_lost_civilization_5
Orc:1:    serial_shops, shop_fountains
Orc:2:    pf_orc_diabolical, uniq_saint_roka
Elf:1:    basic_altar, minmay_elf_necromancy
Vaults:1: v_misc_2, hangedman_vaults_pinch, v_misc_27, hangedman_vaults_maws,
          nicolae_vaults_theta, hangedman_vaults_restitches, serial_shops,
          shop_coins
Vaults:2: v_misc_18, nicolae_vaults_fighting_squares,
          nicolae_vaults_ninety_degrees, v_misc_27, vaults_room_grid,
          vaults_dpeg_doors, vaults_room_fancy_cross, hangedman_vaults_trim,
          nicolae_vaults_mini_display_case, v_misc_29, ontoclasm_vaults_twist,
          serial_shops, bzr_firewalk
Vaults:3: minmay_crypt_entry_vampire_xt, nicolae_vaults_triangles,
          nicolae_vaults_alarming, nicolae_vaults_little_ls, v_misc_1, v_misc_4,
          nicolae_vaults_know_your_exits, dpeg_vaults_monster_box, v_rooms_5,
          serial_shops, shop, shop_statue, shop
Vaults:4: vaults_room_large_hall, vaults_room_door_ring, vaults_mumra_minichess,
          st_cells, v_misc_33, v_misc_11, nicolae_vaults_sealed_display,
          v_misc_16, vaults_room_stairs_pillars, ontoclasm_vaults_gateway,
          v_misc_28
Vaults:5: serial_shops
Depths:1: nicolae_abyss_entry_one_way_or_another, corexii_corridor_pit,
          hell_entry, minivault_16, kennysheep_generic_room_2,
          grunt_megastairs_5
Depths:2: minmay_nine_rooms, hell_entry, abyss_entry, rand_demon_pan_entry_4,
          serial_bayou_ford_a, uniq_norris, uniq_sojobo
Depths:3: lemuel_river_lethe, serial_shops, hell_entry, pan_entry
Depths:4: minmay_crescents, pf_vacation_house_of_asmodeus, serial_shops,
          nicolae_shop_statue_plus, abyss_entry, ice2_lemuel,
          minmay_staircase_bubble
Depths:5: evilmike_zot_entry_basic, enter_ziggurat_b, pan_entry,
          grunt_metal_band
Coc:4:    grunt_deathspiral_small, serial_ice
Coc:7:    coc_hangedman

Action                   |  1- 3 |  4- 6 |  7- 9 | 10-12 | 13-15 | 16-18 | 19-21 | 22-24 | 25-27 || total
-------------------------+-------+-------+-------+-------+-------+-------+-------+-------+-------++-------
Melee: Unarmed           |    18 |       |       |       |       |       |       |       |       ||    18
       Flail             |       |       |     4 |    36 |     3 |     4 |       |       |       ||    47
       Staff             |       |       |       |       |       |       |     1 |     1 |     3 ||     5
 Cast: Magic Dart        |    77 |    84 |   159 |   199 |   356 |   207 |    76 |    10 |    14 ||  1182
       Searing Ray       |       |    16 |    64 |   108 |   123 |    59 |     6 |     5 |    13 ||   394
       Fulminant Prism   |       |       |     4 |    81 |    88 |    59 |     5 |       |     4 ||   241
       Conjure Flame     |       |       |     1 |       |       |       |     1 |       |       ||     2
       Fireball          |       |       |     5 |    20 |   157 |   398 |   312 |    86 |   430 ||  1408
       Iskenderun's Batt |       |       |     3 |    36 |   144 |   129 |    59 |     1 |     1 ||   373
       Inner Flame       |       |       |       |     3 |     1 |       |       |       |       ||     4
       Iron Shot         |       |       |       |       |    10 |    89 |   118 |    67 |    88 ||   372
       Invisibility      |       |       |       |       |    28 |    56 |    10 |    18 |     9 ||   121
       Delayed Fireball  |       |       |       |       |     8 |    14 |     2 |     4 |    10 ||    38
       Tukima's Dance    |       |       |       |       |       |     3 |     1 |       |       ||     4
       Confuse           |       |       |       |       |       |     2 |     1 |     1 |     2 ||     6
       Fire Storm        |       |       |       |       |       |       |   144 |   352 |   405 ||   901
       Lehudib's Crystal |       |       |       |       |       |       |       |    26 |    57 ||    83
       Necromutation     |       |       |       |       |       |       |       |       |   169 ||   169
       Deflect Missiles  |       |       |       |       |       |       |       |       |     3 ||     3
 Abil: Release Delayed F |       |       |       |       |     8 |    13 |     2 |     3 |    10 ||    36
       End Transformatio |       |       |       |       |       |       |       |       |     3 ||     3
Evoke: Wand              |       |       |     1 |     1 |     4 |     6 |     1 |     3 |    14 ||    30
       Staff of Wucad Mu |       |       |       |       |       |       |       |       |    83 ||    83
  Use: Potion            |       |     1 |     1 |     6 |     3 |     5 |     4 |     6 |     6 ||    32
       Scroll            |       |       |     7 |    19 |    11 |     8 |     6 |     4 |    10 ||    65
 Stab: Sleeping          |     1 |       |     1 |     1 |       |       |       |       |       ||     3
  Eat: Chunk             |     2 |     6 |    13 |    39 |    54 |    76 |    97 |    85 |    32 ||   404
       Royal jelly       |       |       |     1 |       |       |     2 |       |       |     1 ||     4
       Fruit             |       |       |       |     1 |       |       |       |       |       ||     1
       Beef jerky        |       |       |       |     1 |       |       |       |     4 |       ||     5
       Pizza             |       |       |       |       |       |       |       |     3 |       ||     3
       Bread ration      |       |       |       |       |       |       |       |       |     1 ||     1
